 Dungeon Crawl Stone Soup version 0.28-b1-1-g3c77fb2ed1 (webtiles) character file.

Game seed: 15625450872955757085

41916 comborobin the Brawler (level 13, -2/124 HPs)
             Began as a Troll Cinder Acolyte on Jan 30, 2022.
             Was a Priest of Cheibriados.
             Slain by an ogre (18 damage)
             ... led by an orc knight
             ... on level 1 of the Orcish Mines.
             The game lasted 00:28:51 (16715 turns).

comborobin the Brawler (Troll Cinder Acolyte)      Turns: 16715, Time: 00:28:52

Health: -2/124     AC:  8    Str: 32    XL:     13   Next: 82%
Magic:  21/21      EV:  9    Int: 17    God:    Cheibriados [***...]
Gold:   1333       SH:  0    Dex: 16    Spells: 17/24 levels left

rFire   . . .      SeeInvis .     - Unarmed
rCold   + . .      Faith    +   (no shield)
rNeg    . . .      Spirit   .   y - +1 troll leather armour
rPois   .          Reflect  .   (helmet restricted)
rElec   .          Harm     .   p - +0 cloak
rCorr   .          Rampage  .   (gloves unavailable)
Will    .....                   (boots unavailable)
Stlth   +.........              r - amulet of faith
HPRegen 1.90/turn               (no ring)
MPRegen 0.17/turn               (no ring)

@: about to teleport, fire susceptible, very slow
A: large, unfitting armour, claws 3, regeneration 1, shaggy fur 1, tough skin 1,
antennae 1, cold resistance 1, wild magic 1
a: Renounce Religion, Bend Time, Temporal Distortion


You were on level 1 of the Orcish Mines.
You worshipped Cheibriados.
Cheibriados was most pleased with you.
You visited 3 branches of the dungeon, and saw 17 of its levels.
You also visited: Sewer and Ice Cave.

You collected 1354 gold pieces.
You spent 21 gold pieces at shops.

Inventory:

Hand Weapons
 b - a +5 scimitar of flaming
 c - the +1 falchion of Sequestration {protect, Will+}
   (You found it on level 9 of the Dungeon)

   It grants its wielder temporary protection when it strikes (+7 to AC).
   Will:      It increases your willpower.
Missiles
 a - 23 poisoned darts
 k - 4 atropa-tipped darts
 l - 11 large rocks (quivered)
 m - 9 javelins
 q - 5 throwing nets
Armour
 d - a +0 kite shield
 i - +0 acid dragon scales
 p - a +0 cloak (worn)
 s - a +0 robe of resistance
 u - a +1 robe of willpower
 y - a +1 troll leather armour (worn)
Jewellery
 r - an amulet of faith (around neck)
 H - a ring of protection from fire
Wands
 o - a wand of paralysis (3)
 F - a wand of charming (11)
Scrolls
 e - 2 scrolls of enchant weapon
 f - a scroll of blinking
 j - a scroll of magic mapping
 n - 2 scrolls of teleportation
 t - 13 scrolls of identify
 w - 2 scrolls of noise
 z - a scroll of fear {unknown}
 A - a scroll of fog
 B - a scroll of brand weapon {unknown}
 C - a scroll of immolation
 D - 2 scrolls of torment {unknown}
Potions
 g - 4 potions of mutation
 v - 5 potions of curing
 x - a potion of ambrosia {unknown}
 E - a potion of attraction {unknown}
 G - a potion of degeneration {unknown}


   Skills:
 - Level 7.4 Fighting
 - Level 5.0 Throwing
 - Level 17.9 Unarmed Combat
 + Level 6.0 Spellcasting
 + Level 7.1 Transmutations
 - Level 2.1 Fire Magic
 + Level 0.7 Invocations


You had 17 spell levels left.
You knew the following spells:

 Your Spells              Type           Power      Damage    Failure   Level
D - Dragon Form           Tmut           19%        N/A       100%        7

Your spell library contained the following spells:

 Spells                   Type           Power      Damage    Failure   Level
 Passwall                 Tmut/Erth      18%        N/A       8%          2
 Scorch                   Fire           32%        2d6       13%         2
 Apportation              Tloc           12%        N/A       21%         1
 Sandblast                Erth           12%        2d6       21%         1
 Blink                    Tloc           12%        N/A       30%         2
 Lesser Beckoning         Tloc           6%         N/A       47%         3
 Stone Arrow              Conj/Erth      12%        3d7       47%         3
 Alistair's Intoxication  Tmut/Pois      14%        N/A       75%         5
 Cause Fear               Hex            3%         N/A       86%         4
 Fulminant Prism          Conj/Hex       3%         3d6       86%         4
 Iskenderun's Mystic Bla  Conj/Tloc      6%         2d4       86%         4
 Olgreb's Toxic Radiance  Pois           6%         N/A       86%         4
 Lee's Rapid Deconstruct  Erth           3%         3d6*      99%         5
 Manifold Assault         Tloc           6%         N/A       99%         5
 Ozocubu's Refrigeration  Ice            3%         4d5       100%        7
 Ignition                 Fire           8%         3d5       100%        8
 Dragon's Call            Summ           3%         N/A       100%        9


Dungeon Overview and Level Annotations

Branches:
Dungeon (15/15)            Temple (1/1) D:5            Lair (0/6) D:11
    Orc (1/2) D:11         Vaults (0/5) D:14         Depths (0/4) D:15
  Sewer (visited)           IceCv (visited)

Altars:
Ashenzari
Cheibriados
Dithmenos
Elyvilon
Fedhas
Gozag
Hepliaklqana
Kikubaaqudgha
Makhleb
Nemelex Xobeh
Okawaru
Qazlal
Ru
Sif Muna
Trog
Uskayaw
Vehumet
Wu Jian
Xom
Yredelemnul
Zin
The Shining One

Shops:
D:4 (   D:8 ?   D:10 ([?((   D:13 (?   Orc:1 *

Annotations:
Orc:1 3 runed translucent doors, zeram's ghost, journeyman GrFi


Innate Abilities, Weirdness & Mutations

You are too large for most types of armour.
You have claws for hands.
Your natural rate of healing is unusually fast.
You are covered in fur. (AC +1)
You have tough skin. (AC +1)
You have a pair of small antennae on your head.
Your flesh is cold resistant. (rC+)
Your spells are a little harder to cast, but a little more powerful.


Message History

Press: ? - help, Shift-Dir - straight line, f/p - orc knight
Aim: an orc knight, wielding a +3 halberd and wearing a +0 chain mail (lightly wounded)
The mass of ice explodes!
The iceblast engulfs the orc knight!
The orc knight is moderately wounded.
The iceblast engulfs the orc warrior!
The orc warrior is almost dead.
The iceblast engulfs the ogre!
The ogre is heavily wounded.
You hear a shout! x2
The orc warrior throws a boomerang.
The boomerang hits you.
The orc knight hits you from afar with a +3 halberd!!
Unknown command.
Aiming: Iceblast
Press: ? - help, Shift-Dir - straight line, f/p - orc knight
Aim: an orc knight, wielding a +3 halberd and wearing a +0 chain mail (moderately wounded)
The mass of ice explodes!
The iceblast engulfs the orc knight!
The orc knight is heavily wounded.
The iceblast engulfs the orc warrior.
You kill the orc warrior!
Cheibriados thoroughly appreciates the change of pace.
The iceblast engulfs the ogre!
The ogre is almost dead.
The iceblast engulfs the orc warrior!
The orc warrior is moderately wounded.
The now-empty wand crumbles to dust.
An orc comes into view. It is wielding a +0 whip.
The orc knight hits you from afar with a +3 halberd!!
Unknown command.
Unknown command.
Okay, then.
As you read the scroll of teleportation, it crumbles to dust.
You feel strangely unstable. The orc knight barely misses you.
The orc warrior hits you from afar with a +0 trident!!
The ogre hits you with a +0 giant club.
The orc warrior hits you from afar with a +0 trident!!
* * * LOW HITPOINT WARNING * * *
The orc knight hits you from afar with a +3 halberd!!
* * * LOW HITPOINT WARNING * * *
The ogre hits you with a +0 giant club!!
You die...

..................#
.#................#...$ $.o
.....)............#.... ..#
..................##...###..###
.#..#............)###.........##
.................)##.........#.#
.................)##..........##
..................)###.........##
................@O.o###{{.....#.#
..................oo.###.......#
.......................)#......#
.....................)........##
.............................#.#
.......##.#..................###
......###.....................#
......##..........#....##..#.##
......#......#.....###########


You could see an orc knight, an orc warrior (strong), an ogre and an orc.

Vanquished Creatures
  Harold (D:8)
  3 hydras
  An ogre mage (D:14)
  Erica (D:8)
  A centaur warrior (D:15)
  7 two-headed ogres
  A death knight (D:14)
  A vampire mage (D:15)
  A deep elf knight (D:14)
  2 skeletal warriors
  A spark wasp zombie (D:15)
  A harpy (shapeshifter) (D:15)
  3 orc knights
  A sphinx zombie (D:15)
  2 deep elf pyromancers (D:14)
  A necromancer (D:15)
  3 cyclopes
  3 deep elf zephyrmancers
  A stone giant zombie (D:15)
  An orc sorcerer (Orc:1)
  A tengu skeleton (D:15)
  9 ugly things
  5 manticores
  2 kobold demonologists
  3 komodo dragons
  An unseen horror (D:11)
  An efreet (D:13)
  3 yaktaurs (D:14)
  6 trolls
  Prince Ribbit (D:6)
  8 slime creatures
  11 yaks
  A centaur simulacrum (D:15)
  3 shadows
  A vampire (D:13)
  4 wraiths (D:14)
  5 wyverns
  A basilisk (D:15)
  A human (shapeshifter) (D:13)
  2 vampire mosquitoes (D:14)
  A warg (Orc:1)
  2 acid dragons
  4 water moccasins
  18 orc warriors
  A sky beast (D:7)
  4 black bears
  An ice beast (D:7)
  5 boggarts (D:15)
  6 centaurs
  7 ogres
  2 wolves (D:11)
  5 phantoms
  2 kobold brigands (D:9)
  Blork the orc (D:4)
  5 bullfrogs
  A gnoll sergeant (D:7)
  A water moccasin zombie (D:6)
  4 scorpions
  A troll zombie (D:11)
  4 wights (D:6)
  2 howler monkeys (D:8)
  3 centaur zombies
  A jelly (Sewer)
  A hound (D:6)
  A centaur skeleton (D:7)
  10 orc priests
  2 iguanas
  Ijyb (D:3)
  11 orc wizards
  A scorpion zombie (D:5)
  5 ogre zombies (D:11)
  A hound skeleton (D:4)
  2 howler monkey zombies
  7 adders
  6 gnolls
  4 river rats
  An ufetubus (D:4)
  A worm (D:2)
  2 dart slugs
  53 orcs
  12 ball pythons
  13 endoplasms
  5 giant cockroaches
  6 goblins
  9 hobgoblins
  2 jackals (D:5)
  17 kobolds
  2 quokkas
  3 training dummies (D:4)
  10 bats
  8 frilled lizards
  A goblin skeleton (D:11)
  A goblin zombie (D:11)
  A hobgoblin skeleton (D:11)
  2 hobgoblin zombies (D:11)
  2 orc skeletons (D:11)
  12 orc zombies (D:11)
  9 rats
410 creatures vanquished.

Vanquished Creatures (others)
  A wizard (D:14)
  4 fungi (D:11)
  12 plants (D:11)
  5 withered plants (D:15)
22 creatures vanquished.

Grand Total: 432 creatures vanquished

Notes
Turn   | Place    | Note
-------+----------+-------------------------------------------
     0 | D:1      | comborobin the Troll Cinder Acolyte began the quest for the
                  | Orb.
     0 | D:1      | Reached XP level 1. HP: 22/22 MP: 1/1
    90 | D:1      | Reached XP level 2. HP: 29/29 MP: 2/2
   257 | D:3      | Noticed Ijyb
   261 | D:3      | Killed Ijyb
   262 | D:3      | Reached skill level 4 in Unarmed Combat
   262 | D:3      | Reached XP level 3. HP: 32/36 MP: 3/3
   334 | D:3      | Reached skill level 5 in Unarmed Combat
   334 | D:3      | Reached XP level 4. HP: 17/44 MP: 4/4
   367 | D:4      | Noticed Blork the orc
   370 | D:4      | Killed Blork the orc
   371 | D:4      | Reached XP level 5. HP: 50/50 MP: 5/5
   444 | D:4      | Reached skill level 6 in Unarmed Combat
   488 | D:4      | Found a glowing drain.
   522 | Sewer    | Entered a sewer
   657 | Sewer    | Found a viscous altar of Jiyva.
   663 | Sewer    | Reached XP level 6. HP: 38/59 MP: 6/6
   806 | D:4      | Reached skill level 7 in Unarmed Combat
  1362 | D:4      | Found Qyqe's Firing Range.
  1641 | D:4      | You fall into a shaft and drop 3 floors!
  1666 | D:7      | Noticed a wyvern
  1672 | D:7      | Killed a wyvern
  1673 | D:7      | Reached skill level 8 in Unarmed Combat
  1673 | D:7      | Reached XP level 7. HP: 55/66 MP: 7/7
  1687 | D:7      | Reached skill level 9 in Unarmed Combat
  1821 | D:7      | Reached XP level 8. HP: 41/74 MP: 8/8
  1822 | D:7      | Reached skill level 10 in Unarmed Combat
  2022 | D:8      | Found Famp's Magic Scroll Shop.
  2033 | D:8      | Reached skill level 11 in Unarmed Combat
  2066 | D:8      | Gained mutation: Your flesh is cold resistant. (rC+)
                  | [potion of mutation]
  2066 | D:8      | Gained mutation: You have a pair of small antennae on your
                  | head. [potion of mutation]
  2066 | D:8      | Gained mutation: Your spells are a little harder to cast,
                  | but a little more powerful. [potion of mutation]
  2106 | D:8      | Noticed a two-headed ogre
  2148 | D:8      | Killed a two-headed ogre
  2149 | D:8      | Reached skill level 12 in Unarmed Combat
  2149 | D:8      | Reached XP level 9. HP: 61/80 MP: 9/9
  2266 | D:8      | Noticed Harold
  2300 | D:8      | Killed Harold
  2301 | D:8      | Reached skill level 13 in Unarmed Combat
  2531 | D:8      | Noticed a two-headed ogre
  2567 | D:8      | Killed a two-headed ogre
  2620 | D:8      | Noticed Erica
  2625 | D:8      | Reached skill level 14 in Unarmed Combat
  2626 | D:8      | Killed Erica
  2627 | D:8      | Reached XP level 10. HP: 88/88 MP: 10/10
  3067 | D:9      | Noticed a two-headed ogre
  3084 | D:9      | Killed a two-headed ogre
  3085 | D:9      | Reached skill level 15 in Unarmed Combat
  3184 | D:9      | Identified the +1 falchion of Sequestration {protect,
                  | Will+}
  3328 | D:9      | Noticed a manticore
  3342 | D:9      | Killed a manticore
  3629 | D:10     | Entered Level 10 of the Dungeon
  3705 | D:10     | Found Anilieko's Weapon Boutique.
  3821 | D:10     | Found Ihuesor's Magic Scroll Shop.
  3886 | D:9      | Reached skill level 16 in Unarmed Combat
  3962 | D:10     | Found Wiehips's Antique Armour Shoppe.
  4050 | D:10     | Found Cacipn Nigi's Weapon Boutique.
  4466 | D:10     | Found a shadowy altar of Dithmenos.
  4665 | D:10     | Found Nedyse's Weapon Boutique.
  4673 | D:10     | Bought 2 large rocks for 21 gold pieces
  4768 | D:11     | Noticed a two-headed ogre
  4776 | D:11     | Killed a two-headed ogre
  4784 | D:11     | Reached XP level 11. HP: 98/98 MP: 11/11
  4985 | D:11     | Found a staircase to the Orcish Mines.
  5495 | D:11     | Found a staircase to the Lair.
  5501 | D:11     | Reached skill level 5 in Fighting
  5555 | D:11     | Reached skill level 17 in Unarmed Combat
  6417 | D:12     | Reached skill level 1 in Throwing
  7250 | D:14     | Found a bloodstained altar of Trog.
  7291 | D:14     | Noticed a four-headed hydra
  7423 | D:12     | Killed a one-headed hydra
  7531 | D:13     | Noticed a two-headed ogre
  7585 | D:12     | Killed a two-headed ogre
  7697 | D:13     | Found Kiusuesk's Weapon Emporium.
  8008 | D:13     | Found Kuleo's Magic Scroll Emporium.
  8046 | D:13     | Reached XP level 12. HP: 108/115 MP: 12/12
  8276 | D:13     | Reached skill level 5 in Throwing
  8770 | D:14     | Noticed a death knight
  8782 | D:14     | Killed a death knight
  8842 | D:14     | Learned a level 7 spell: Dragon Form
  8956 | D:14     | Reached skill level 1 in Transmutations
  9046 | D:14     | Noticed an eight-headed hydra
  9172 | D:14     | Killed a two-headed hydra
  9308 | D:14     | Noticed a two-headed ogre
  9321 | D:14     | Killed a two-headed ogre
  9393 | D:14     | Noticed an ogre mage
  9417 | D:14     | Killed an ogre mage
  9980 | D:14     | Reached XP level 13. HP: 86/124 MP: 17/17
 10157 | D:14     | Found a gate to the Vaults.
 10341 | D:15     | Entered Level 15 of the Dungeon
 10394 | D:15     | Found a frozen archway.
 10476 | IceCv    | Entered an ice cave
 10476 | IceCv    | Noticed a white very ugly thing
 10909 | D:15     | Reached skill level 5 in Transmutations
 11540 | D:15     | Reached skill level 5 in Spellcasting
 12051 | D:15     | Found a staircase to the Depths.
 12875 | D:6      | Noticed Prince Ribbit
 12887 | D:6      | Killed Prince Ribbit
 13046 | D:5      | Entered Level 5 of the Dungeon
 13177 | D:5      | Identified the -4 pair of gloves "Karuroi" {rCorr Str+7}
 13186 | D:5      | Found a staircase to the Ecumenical Temple.
 13222 | Temple   | Entered the Ecumenical Temple
 13431 | Temple   | Fell from the grace of Ignis
 13431 | Temple   | Became a worshipper of Cheibriados the Contemplative
 13869 | D:1      | Reached * piety under Cheibriados
 14451 | D:3      | Found a faded altar of an unknown god.
 14815 | D:3      | Reached ** piety under Cheibriados
 16163 | Orc:1    | Entered Level 1 of the Orcish Mines
 16216 | Orc:1    | Found a runed translucent gate.
 16217 | Orc:1    | Found a runed translucent gate.
 16217 | Orc:1    | Found an opulent altar of Gozag.
 16219 | Orc:1    | Found a runed translucent gate.
 16235 | Orc:1    | Noticed zeram's ghost (journeyman GrFi)
 16258 | Orc:1    | Found Dyeh's Assorted Antiques.
 16365 | Orc:1    | Reached *** piety under Cheibriados
 16715 | Orc:1    | Slain by an ogre

Illustrated notes

Levels and vault maps discovered:
D:1:      matt_arrival_los_fun, layout_loops_ring
D:2:      cheibrodos_old_hovel, layout_basic
D:3:      minmay_diamond_boxcup, layout_loops_ring,
          dreamdust_ecumenical_altar_statues, st_stairs_13,
          amcnicky_mini_corridor_feature, uniq_ijyb
D:4:      layout_layer_cave, portal_sewer_entry_a, nicolae_shop_firing_range,
          uniq_blork_the_orc
D:5:      layout_loops_ring, minmay_temple_entry_statues_fountains,
          minmay_misc_feat_tiny
D:6:      layout_basic, uniq_prince_ribbit1
D:7:      layout_basic
D:8:      layout_loops_cross, serial_shops, shop, uniq_erica, uniq_harold
D:9:      layout_basic
D:10:     layout_cave_pools, nicolae_dithmenos_through_a_glass_darkly,
          serial_shops, shop, nicolae_shop_temple_entry_statues_fountains, shop,
          shop, nicolae_shop_window_shopping, serial_column_ruins,
          column_ruins_hut, column_ruins_open_small_water,
          column_ruins_columns_dead_end, column_ruins_grid_1,
          column_ruins_columns_corner
D:11:     layout_irregular_city, minmay_lair_entry_grove, zombieorc1_lemuel
D:12:     layout_cave_pods
D:13:     layout_long_grid, special_room [special_room_orc], serial_shops,
          nicolae_shop_window_shopping, shop
D:14:     layout_grid_maze, hangedman_vaults_entry_quadrant_bands,
          lemuel_round_altar
D:15:     gammafunk_depths_entry_grave, layout_gridville,
          portal_ice_cave_entry_pillars_three, grunt_decor_arrowhead
Temple:   nicolae_temple_the_god_donut
Orc:1:    nicolae_orc_accident_1, layout_caves, basic_altar, ebering_ghost_gozag

Skill      XL: |  1  2  3  4  5  6  7  8  9 10 11 12 13 |
---------------+----------------------------------------+-----
Unarmed Combat | 4 5 6 8 9 12 14 16 17 | 17.9
Fighting       | 3 6 7 |  7.4
Throwing       | 4 5 |  5.0
Transmutations | 4 7 |  7.1
Spellcasting   | 3 6 |  6.0
Fire Magic     | |  2.1
Invocations    | |  0.7

Action                   |  1- 3 |  4- 6 |  7- 9 | 10-12 | 13-15 || total
-------------------------+-------+-------+-------+-------+-------++-------
Melee: Unarmed           |    60 |   115 |    75 |   497 |   350 ||  1097
       Punch             |       |     1 |     8 |    50 |    38 ||    97
       Scimitar          |       |       |       |    13 |     4 ||    17
Throw: Dart              |       |       |     1 |     1 |       ||     2
       Throwing net      |       |       |     1 |     2 |       ||     3
       Large rock        |       |       |       |       |     7 ||     7
Invok: Fiery Armour      |       |     1 |       |     1 |       ||     2
Evoke: Wand              |       |     3 |    12 |     8 |     6 ||    29
  Use: Potion            |       |     4 |     4 |     3 |       ||    11
       Scroll            |       |       |       |    12 |     3 ||    15
 Stab: Sleeping          |       |       |     1 |     1 |       ||     2
       Held in net/web   |       |       |     1 |       |       ||     1
       Invisible         |       |       |       |     6 |       ||     6
Armor: Robe              |    31 |    24 |    17 |    77 |       ||   149
       Troll leather arm |       |       |       |    33 |   118 ||   151
       Acid dragon scale |       |       |       |    11 |       ||    11
Dodge: Dodged            |    39 |    46 |    25 |   209 |   135 ||   454
